 Dungeon Crawl Stone Soup version 0.27-a0-1196-g3e9cee4cb2 (webtiles) character file.

Game seed: 11172961264572921165

914 bjtr the Chiller (level 8, -10/48 HPs)
             Began as a Gargoyle Ice Elementalist on May 27, 2021.
             Was an Initiate of Vehumet.
             Killed by divine providence
             ... invoked by an orc priest
              (15 damage)
             ... on level 5 of the Dungeon on May 28, 2021.
             The game lasted 00:38:13 (6969 turns).

bjtr the Chiller (Gargoyle Ice Elementalist)        Turns: 6969, Time: 00:38:14

Health: -10/48     AC: 18    Str: 12    XL:     8   Next: 9%
Magic:  9/14       EV: 12    Int: 18    God:    Vehumet [......]
Gold:   242        SH:  0    Dex: 16    Spells: 9/15 levels left

rFire    . . .     SeeInvis .   w - +4 quarterstaff (chaos)
rCold    . . .     Faith    .   (shield currently unavailable)
rNeg     + . .     Spirit   .   h - +0 leather armour
rPois    ∞         Reflect  .   q - +1 helmet
rElec    +         Harm     .   t - +1 cloak
rCorr    .         Rampage  .   (no gloves)
Will     .....                  (no boots)
Stlth    ++........             (no amulet)
HPRegen  0.16/turn              k - +6 ring of dexterity
MPRegen  0.14/turn              l - ring of flight

@: ice-armoured, flying
A: sickness immunity, AC +5, negative energy resistance 1, electricity
resistance, torment resistance 1, petrification resistance
a: Renounce Religion


You were on level 5 of the Dungeon.
You worshipped Vehumet.
Vehumet was noncommittal.
You visited 1 branch of the dungeon, and saw 5 of its levels.

You collected 242 gold pieces.

Inventory:

Hand Weapons
 c - a +0 short sword
 f - a +0 dagger
 m - a +0 hunting sling
 n - a +0 morningstar of draining
 w - a +4 quarterstaff of chaos (weapon)
Missiles
 j - 71 stones
 o - 14 poisoned darts (quivered)
Armour
 a - a +0 robe
 h - a +0 leather armour (worn)
 q - a +1 helmet (worn)
 t - a +1 cloak (worn)
Jewellery
 k - a +6 ring of dexterity (left hand)
 l - a ring of flight (right hand)
Scrolls
 b - a scroll of amnesia
 e - a scroll of magic mapping
 i - a scroll of teleportation
Potions
 d - a potion of flight
 g - a potion of curing
 p - a potion of cancellation
 s - a potion of might {unknown}
 u - a potion of heal wounds
 v - a potion of magic {unknown}
 x - a potion of attraction {unknown}


   Skills:
 * Level 3.7 Fighting
 + Level 2.8 Armour
 + Level 2.5 Dodging
 + Level 3.6 Stealth
 + Level 4.0 Spellcasting
 * Level 3.7 Conjurations
 + Level 0.4 Hexes
 + Level 5.6 Ice Magic


You had 9 spell levels left.
You knew the following spells:

 Your Spells              Type           Power      Damage    Failure   Level
a - Freeze                Ice            92%        1d10      1%          1
b - Ozocubu's Armour      Ice            23%        N/A       5%          3
c - Ensorcelled Hibernat  Hex/Ice        28%        N/A       9%          2

Your spell library contained the following spells:

 Spells                   Type           Power      Damage    Failure   Level
 Frozen Ramparts          Ice            46%        1d6       5%          3
 Corona                   Hex            5%         N/A       16%         1
 Dazzling Flash           Conj/Hex       22%        N/A       24%         3
 Hailstorm                Conj/Ice       20%        3d6       26%         4
 Confusing Touch          Hex            5%         N/A       43%         3
 Tukima's Dance           Hex            5%         N/A       43%         3
 Gell's Gravitas          Tloc           1%         N/A       50%         3
 Metabolic Englaciation   Hex/Ice        7%         N/A       83%         5
 Petrify                  Tmut/Erth      3%         N/A       88%         4
 Yara's Violent Unravell  Hex/Tmut       2%         3d3       99%         5


Dungeon Overview and Level Annotations

Branches:
Dungeon (5/15)             Temple (0/1) D:5

Altars:
Fedhas
Sif Muna
Vehumet

Shops:
D:4 (


Innate Abilities, Weirdness & Mutations

You are immune to sickness and miasma.
Your stone body is resilient. (AC +5)
You are immune to poison.
You resist negative energy. (rN+)
You are resistant to electric shocks. (rElec)
You are resistant to unholy torment.
You are immune to petrification.


Message History

Throw: 16 darts (poison)
Press: ? - help, Q - select action, (/) - cycle Shift-Dir - straight line, f - orc
Aim: an orc, wielding a +0 hand axe and wearing a +0 scale mail (64% to hit)
You throw a poisoned dart. The poisoned dart hits the orc warrior.
The orc warrior is poisoned.
The orc shouts!
Throw: 15 darts (poison)
Press: ? - help, Q - select action, (/) - cycle Shift-Dir - straight line, f - ogre
Aim: an ogre, wielding a +0 giant spiked club (75% to hit)
You throw a poisoned dart.
The poisoned dart barely misses the orc warrior.
The poisoned dart hits the ogre.
The orc warrior hits you with a +0 mace.
Unknown command.
You sock the orc warrior!
The orc warrior is heavily wounded.
The orc warrior hits you but does no damage.
The orc warrior hits you with a +0 mace!
An orc comes into view. It is wielding a +0 whip.
Unknown command.
You closely miss the orc warrior.
The orc warrior is heavily wounded.
An orc priest comes into view.
It is wielding a +0 short sword and wearing a +3 leather armour of fire resistance.
The orc warrior hits you with a +0 mace!
Unknown command.
The orc priest shouts!
The orc shouts!
You hit the orc warrior. You burn the orc warrior.
The orc warrior is severely wounded.
The orc warrior hits you with a +0 mace!
The orc priest casts a cantrip, but nothing happens.
Unknown command.
You barely miss the orc warrior.
The orc warrior is almost dead.
The orc warrior hits you with a +0 mace!
* * * LOW HITPOINT WARNING * * *
The orc warrior hits you with a +0 mace!
* * * LOW HITPOINT WARNING * * *
The orc priest invokes the aid of Beogh against you.
Beogh smites you!
You die...

#......#
###..### #.##
######.##
#.......#
#.####..# ###..#
## #....# (.
#@##.#
##.##.##o##.###
#.P.P..ooO......
#..P.P...o......
#..>P.##.#o..##.
#P.P.. #.#...#
#P.P. #.......
#..## ###...#.#
#. #.. ......
....


You could see an orc warrior (poisoned), an ogre, 2 orc priests and 2 orcs.

Vanquished Creatures
  A wyvern (D:4)
  A steam dragon (D:4)
  A black bear (D:4)
  An ogre (D:3)
  2 scorpions (D:4)
  An orc priest (D:5)
  Crazy Yiuf (D:4)
  Natasha (thrice) (D:2)
  Robin (D:3)
  3 gnolls (D:4)
  A howler monkey zombie (D:5)
  3 adders
  4 dart slugs
  9 orcs
  9 ball pythons
  13 endoplasms
  2 giant cockroaches
  21 goblins
  10 hobgoblins
  2 jackals (D:3)
  9 kobolds
  3 quokkas
  6 bats
  A frilled lizard (D:2)
  9 rats
117 creatures vanquished.

Notes
Turn   | Place    | Note
-------+----------+-------------------------------------------
     0 | D:1      | bjtr the Gargoyle Ice Elementalist began the quest for the
                  | Orb.
     0 | D:1      | Reached XP level 1. HP: 10/10 MP: 3/3
   179 | D:1      | Reached XP level 2. HP: 11/15 MP: 0/5
   732 | D:1      | Reached skill level 1 in Armour
   767 | D:1      | Found a faded altar of an unknown god.
  1095 | D:2      | Reached XP level 3. HP: 20/20 MP: 3/6
  1208 | D:2      | Reached skill level 1 in Fighting
  1827 | D:2      | Upgraded the game from 0.27-a0-1193-g8631133539 to
                  | 0.27-a0-1196-g3e9cee4cb2
  2078 | D:2      | Found a shimmering blue altar of Sif Muna.
  2421 | D:2      | Reached skill level 1 in Conjurations
  2432 | D:2      | Reached XP level 4. HP: 21/25 MP: 8/8
  2603 | D:2      | Noticed Natasha
  2755 | D:2      | Killed Natasha
  2825 | D:2      | Learned a level 3 spell: Ozocubu's Armour
  2938 | D:2      | Noticed Natasha
  2955 | D:2      | Killed Natasha
  2963 | D:2      | Noticed Natasha
  2969 | D:2      | Killed Natasha
  2970 | D:2      | Reached XP level 5. HP: 25/29 MP: 9/9
  3134 | D:3      | Noticed Robin
  3835 | D:3      | Killed Robin
  4391 | D:4      | Noticed a black bear
  4398 | D:4      | Killed a black bear
  4399 | D:4      | Reached XP level 6. HP: 27/35 MP: 7/10
  4492 | D:4      | Found a radiant altar of Vehumet.
  4502 | D:4      | Became a worshipper of Vehumet
  4526 | D:4      | Noticed a wyvern
  4544 | D:4      | Killed a wyvern
  4545 | D:4      | Reached XP level 7. HP: 28/40 MP: 8/12
  4695 | D:4      | Reached skill level 5 in Ice Magic
  4716 | D:4      | Found Rodazem's Weapon Emporium.
  5464 | D:4      | Learned a level 2 spell: Ensorcelled Hibernation
  5993 | D:4      | Found a blossoming altar of Fedhas.
  6242 | D:4      | Found a runed translucent door.
  6243 | D:4      | Noticed Crazy Yiuf
  6257 | D:4      | Killed Crazy Yiuf
  6581 | D:4      | Noticed a steam dragon
  6581 | D:4      | a gnoll changed into a steam dragon
  6588 | D:4      | Killed a steam dragon
  6824 | D:3      | Reached XP level 8. HP: 46/46 MP: 12/14
  6883 | D:5      | Entered Level 5 of the Dungeon
  6942 | D:5      | Found a staircase to the Ecumenical Temple.
  6969 | D:5      | Killed from afar by an orc priest

Illustrated notes

Levels and vault maps discovered:
D:1:      dpeg_arrival_concentric_ovals, layout_loops_ring,
          hellmonk_ecumenical_altar_pennies_from_heaven, hex_tiny
D:2:      cheibrodos_greedy_goblins, layout_basic, basic_altar,
          minmay_fractal_squares_5, uniq_natasha
D:3:      layout_loops_corners, uniq_robin
D:4:      layout_rooms, nicolae_vehumet_radiance, general_overflow_altar,
          serial_shops, shop_statue, uniq_crazy_yiuf_cottage
D:5:      corexii_shack_village, layout_loops_cross, amcnicky_altar_gilded,
          minmay_temple_entry_overgrown, chequers_serial_rivers_room_a,
          uniq_pikel

Skill      XL: |  1  2  3  4  5  6  7 |
---------------+----------------------+-----
Armour         | 1 2 |  2.8
Fighting       | 1 2 3 |  3.7
Conjurations   | 1 2 3 |  3.7
Spellcasting   | 3 4 |  4.0
Dodging        | 2 |  2.5
Stealth        | 3 |  3.6
Ice Magic      | 5 |  5.6
Hexes          | |  0.4

Action                   |  1- 3 |  4- 6 |  7- 9 || total
-------------------------+-------+-------+-------++-------
Melee: Club              |    17 |       |       ||    17
       Dagger            |    51 |       |       ||    51
       Short sword       |    25 |    12 |       ||    37
       Morningstar       |       |   107 |    40 ||   147
       Quarterstaff      |       |       |    41 ||    41
Throw: Dart              |       |       |     7 ||     7
 Cast: Freeze            |    56 |    18 |    12 ||    86
       Ozocubu's Armour  |       |     4 |     5 ||     9
       Ensorcelled Hiber |       |       |     4 ||     4
  Use: Scroll            |       |     9 |     4 ||    13
       Potion            |       |     1 |       ||     1
 Stab: Sleeping          |     2 |     7 |     2 ||    11
Armor: Robe              |    28 |       |       ||    28
       Leather armour    |    25 |    83 |    32 ||   140
Dodge: Dodged            |   102 |    87 |    74 ||   263

Table legend: (Time is in decaauts)
 A = Elapsed time spent in this place.
 B = Non-inter-level travel time spent in this place.
 C = Inter-level travel time spent in this place.
 D = Time resting spent in this place.
 E = Time spent auto-exploring this place.
 F = Levels seen in this place.
 G = Mean time per level.
                   A        B        C        D        E       F      G
               +--------+--------+--------+--------+--------+-----+--------+
         Total |   7065 |   6877 |    188 |   2799 |   2422 |   5 | 1413.0 |
       Dungeon |   7065 |   6877 |    188 |   2799 |   2422 |   5 | 1413.0 |
               +--------+--------+--------+--------+--------+-----+--------+

Top non-repeatable levels by time:
     D:2: 2012 daAuts
     D:3: 1965 daAuts
     D:4: 1927 daAuts
     D:1: 1068 daAuts
     D:5: 90 daAuts
